 Dungeon Crawl Stone Soup version 0.27-a0-1186-g8b4daa1eef (webtiles) character file.

Game seed: 15071248922684322406

18 bande the Covered (level 2, 0/19 HPs)
             Began as a Gargoyle Fighter on May 19, 2021.
             Frozen to death by an endoplasm (1 damage)
             ... on level 1 of the Dungeon.
             The game lasted 00:01:37 (793 turns).

bande the Covered (Gargoyle Fighter)                 Turns: 793, Time: 00:01:39

Health: 0/19       AC:  9    Str: 19    XL:     2   Next: 66%
Magic:  2/2        EV:  7    Int:  8    God:
Gold:   45         SH:  9    Dex:  9    Spells: 1/1 levels left

rFire    . . .     SeeInvis .   a - +0 war axe
rCold    . . .     Faith    .   c - +0 kite shield
rNeg     + . .     Spirit   .   b - +0 scale mail
rPois    ∞         Reflect  .   (no helmet)
rElec    +         Harm     .   (no cloak)
rCorr    .         Rampage  .   (no gloves)
Will     .....                  (no boots)
Stlth    ..........             (no amulet)
HPRegen  0.06/turn              (no ring)
MPRegen  0.08/turn              (no ring)

@: no status effects
A: sickness immunity, AC +2, negative energy resistance 1, electricity
resistance, torment resistance 1, petrification resistance
a: no special abilities


You were on level 1 of the Dungeon.
You visited 1 branch of the dungeon, and saw 1 of its levels.

You collected 45 gold pieces.

Inventory:

Hand Weapons
 a - a +0 war axe (weapon)
Armour
 b - a +0 scale mail (worn)
 c - a +0 kite shield (worn)
Potions
 d - a potion of might
 e - a potion of flight {unknown}
 f - a potion of haste {unknown}
 g - a potion of resistance {unknown}


   Skills:
 + Level 3.5 Fighting
 + Level 2.0 Axes
 + Level 3.6 Armour
 + Level 0.1 Dodging
 + Level 3.6 Shields


You had one spell level left.
You didn't know any spells.
Your spell library was empty.

Dungeon Overview and Level Annotations

Branches:
Dungeon (1/15)

Altars:

Shops:
D:1 [


Innate Abilities, Weirdness & Mutations

You are immune to sickness and miasma.
Your stone body is resilient. (AC +2)
You are immune to poison.
You resist negative energy. (rN+)
You are resistant to electric shocks. (rElec)
You are resistant to unholy torment.
You are immune to petrification.


Message History

You kill the kobold!
No target in view!
No target in view!
You see here a +0 short sword.
You see here 14 stones.
Found a chain mail.
An endoplasm comes into view.
The endoplasm quivers.
Found 6 stones.
A hobgoblin comes into view.
The endoplasm freezes you.
You are frozen.
You hit the endoplasm.
The endoplasm is almost dead.
You hit the bush but do no damage. The endoplasm freezes you.
You are frozen.
The hobgoblin hits you but does no damage.
The endoplasm freezes you.
You are frozen.
You hit the endoplasm but do no damage.
The endoplasm is almost dead.
The endoplasm freezes you.
You are frozen.
You completely miss the endoplasm.
The endoplasm is almost dead.
The endoplasm freezes you.
You are frozen.
* * * LOW HITPOINT WARNING * * *
The endoplasm freezes you.
You are frozen.
* * * LOW HITPOINT WARNING * * *
You hit the endoplasm.
The endoplasm is almost dead.
The endoplasm freezes you.
You are frozen.
* * * LOW HITPOINT WARNING * * *
The endoplasm freezes you.
You are frozen.
You die...

#. ##( #[.### # .....##
###### #.. P...## #....#
#...♣ ♣...#### #..###
#.....♣P..##.#######..#
#........gJ@.#........#
#.......####.#)######.#
#.....#.##....(..# #.#
#.###.#.##.#.#.#.# #.#
#.###.#.##.#...#.####.#
.........##.....#....#.#
.....##..##..)..####.#.#
.....................#.###
.........#..#..#.##.#...#


You could see an endoplasm and a hobgoblin.

Vanquished Creatures
  4 endoplasms (D:1)
  2 giant cockroaches (D:1)
  A hobgoblin (D:1)
  3 ball pythons (D:1)
  3 bats (D:1)
  A frilled lizard (D:1)
  3 kobolds (D:1)
  A rat (D:1)
18 creatures vanquished.

Notes
Turn   | Place    | Note
-------+----------+-------------------------------------------
     0 | D:1      | bande the Gargoyle Fighter began the quest for the Orb.
     0 | D:1      | Reached XP level 1. HP: 14/14 MP: 1/1
   266 | D:1      | Found Fiopanta's Antique Armour Shoppe.
   375 | D:1      | Reached XP level 2. HP: 18/19 MP: 2/2
   456 | D:1      | Found a faded altar of an unknown god.
   793 | D:1      | Frozen to death by an endoplasm

Illustrated notes

Levels and vault maps discovered:
D:1:      dpeg_arrival_morbid_curiosity, layout_basic, serial_shops,
          nicolae_shop_temple_entry_statues_fountains,
          shapermc_ecumenical_altar_mp_highgroup,
          amcnicky_mini_corridor_feature, serial_park_tiny_2

Skill      XL: |  1  2 |
---------------+-------+-----
Axes           | 2 |  2.0
Fighting       | |  3.5
Armour         | |  3.6
Dodging        | |  0.1
Shields        | |  3.6

Action                   || total
-------------------------++-------
Melee: War axe           ||    53
Armor: Scale mail        ||    36
Dodge: Dodged            ||    15
Block: Kite shield       ||    38

Table legend: (Time is in decaauts)
 A = Elapsed time spent in this place.
 B = Non-inter-level travel time spent in this place.
 C = Inter-level travel time spent in this place.
 D = Time resting spent in this place.
 E = Time spent auto-exploring this place.
 F = Levels seen in this place.
 G = Mean time per level.
                   A        B        C        D        E       F      G
               +--------+--------+--------+--------+--------+-----+--------+
         Total |    826 |    826 |      0 |    211 |    457 |   1 |  826.0 |
       Dungeon |    826 |    826 |      0 |    211 |    457 |   1 |  826.0 |
               +--------+--------+--------+--------+--------+-----+--------+

Top non-repeatable levels by time:
     D:1: 826 daAuts
